 Dungeon Crawl Stone Soup version 0.19.0-19-g8c6edcc (webtiles) character file.

40401 JeffiDaFish the Spear-Bearer (level 14, -1/86 HPs)
             Began as a Gargoyle Fighter on Nov 13, 2016.
             Was a High Priest of Makhleb.
             Slain by a spriggan rider
             ... wielding a cursed -2 spear
              (6 damage)
             ... on level 6 of the Lair of Beasts.
             The game lasted 00:37:54 (13740 turns).

JeffiDaFish the Spear-Bearer (Gargoyle Fighter)    Turns: 13740, Time: 00:37:55

Health: -1/86      AC: 30    Str: 29    XL:     14   Next: 10%
Magic:  19/19      EV: 11    Int: 10    God:    Makhleb [*****.]
Gold:   731        SH:  0    Dex: 15    Spells: 1 memorised, 15 levels left

rFire  . . .     SeeInvis .     a - +10 glaive of Midoj {venom, rPois Dex+2}
rCold  . . .     Gourm    .     A - +1 chain mail "Wonefasmarr" {*Drain +Blink Regen+ Str+7}
rNeg   + . .     Faith    .     (shield currently unavailable)
rPois  ∞         Spirit   .     e - +2 helmet
rElec  +         Reflect  .     k - +2 cloak
rCorr  .         Harm     .     (no gloves)
MR     +....                    E - +0 pair of boots
Stlth  ..........               (no amulet)
                                (no ring)
                                J - +2 ring of dexterity

@: no status effects
A: big wings, negative energy resistance 1, electricity resistance, unbreathing,
petrification resistance, rot immunity, AC +9
a: Fly, Minor Destruction, Lesser Servant of Makhleb, Major Destruction, Greater
Servant of Makhleb, Renounce Religion, Evoke Blink


You were on level 6 of the Lair of Beasts.
You worshipped Makhleb.
Makhleb was extremely pleased with you.
You were not hungry.

You visited 3 branches of the dungeon, and saw 16 of its levels.

You collected 872 gold pieces.
You spent 141 gold pieces at shops.

Inventory:

Hand Weapons
 a - the +10 glaive of Midoj (weapon) {venom, rPois Dex+2}
   (You found it on level 8 of the Dungeon)

   It poisons the flesh of those it strikes.
   It affects your dexterity (+2).
   It protects you from poison.
 y - a +2 morningstar of venom
Armour
 c - a +1 shield
 e - a +2 helmet (worn)
 k - a +2 cloak (worn)
 A - the +1 chain mail "Wonefasmarr" (worn) {*Drain +Blink Regen+ Str+7}
   (You found it on level 7 of the Dungeon)

   It affects your strength (+7).
   It lets you blink.
   It increases your rate of regeneration.
   It causes draining when unequipped.
 E - a +0 pair of boots (worn)
Jewellery
 z - the ring of Shaolin {EV+8}
   (You found it on level 6 of the Dungeon)

   [ring of evasion]

   It affects your evasion (+8).
 G - an uncursed ring of positive energy
 J - a +2 ring of dexterity (left hand)
Wands
 p - a wand of teleportation (9/9)
 r - a wand of paralysis (10/24)
 x - a wand of heal wounds (2/9)
 C - a wand of iceblast (4/15)
 D - a wand of paralysis (15/24)
 H - a wand of random effects (27/48)
 K - a wand of lightning (10/15)
 O - a wand of iceblast (1/15)
 P - a wand of confusion (24/48)
 R - a wand of confusion (28/48)
Scrolls
 b - 3 scrolls of recharging
 j - 14 scrolls of identify
 m - 2 scrolls of fog
 n - 5 scrolls of remove curse
 q - 4 scrolls of amnesia
 s - 6 scrolls of teleportation
 F - 3 scrolls of fear
 N - a scroll of magic mapping
Potions
 d - a potion of might
 l - 2 potions of resistance
 o - 2 potions of haste
 u - 5 potions of curing
 w - 3 potions of heal wounds
 B - a potion of agility
Books
 v - a book of Changes

   Spells                             Type                      Level
   a - Beastly Appendage              Transmutation                1
   b - Sticks to Snakes               Transmutation                2
   c - Spider Form                    Transmutation/Poison         3
   d - Ice Form                       Ice/Transmutation            4
   e - Blade Hands                    Transmutation                5
 I - a book of Party Tricks

   Spells                             Type                      Level
   a - Summon Butterflies             Summoning                    1
   b - Apportation                    Translocation                1
   c - Lesser Beckoning               Translocation                3
   d - Tukima's Dance                 Hexes                        3
   e - Alistair's Intoxication        Transmutation/Poison         5
   f - Invisibility                   Hexes                        6
 L - a Young Poisoner's Handbook

   Spells                             Type                      Level
   a - Sting                          Conjuration/Poison           1
   b - Mephitic Cloud                 Conjuration/Poison/Air       3
   c - Olgreb's Toxic Radiance        Poison                       4
   d - Alistair's Intoxication        Transmutation/Poison         5
   e - Venom Bolt                     Conjuration/Poison           5
 M - a book of Maledictions

   Spells                             Type                      Level
   a - Corona                         Hexes                        1
   b - Ensorcelled Hibernation        Hexes/Ice                    2
   c - Confuse                        Hexes                        3
   d - Tukima's Dance                 Hexes                        3
   e - Dazzling Spray                 Conjuration/Hexes            3
Comestibles
 f - 12 bread rations
 g - 9 beef jerkies
 h - 6 meat rations
 i - 2 slices of pizza
 t - 7 fruits
 Q - 5 chunks of flesh


   Skills:
 * Level 9.1 Fighting
 - Level 9.6 Maces & Flails
 + Level 12.9 Polearms
 * Level 9.9 Armour
 - Level 3.4 Dodging
 - Level 0.8 Stealth
 * Level 11.0 Shields
 + Level 3.5 Spellcasting
 + Level 3.8 Conjurations
 + Level 4.3 Poison Magic


You had 15 spell levels left.
You knew the following spells:

 Your Spells              Type           Power        Failure   Level  Hunger
a - Venom Bolt            Conj/Pois      ##........   100%        5    ######.


Dungeon Overview and Level Annotations

Branches:
Dungeon (9/15)             Temple (1/1) D:6            Lair (6/6) D:9
 Shoals (0/4) Lair:4       Spider (0/4) Lair:3        Slime (0/5) Lair:5
    Orc (0/2) D:9

Altars:
Ashenzari
Cheibriados
Dithmenos
Elyvilon
Fedhas
Gozag
Hepliaklqana
Kikubaaqudgha
Makhleb
Nemelex Xobeh
Okawaru
Qazlal
Ru
Sif Muna
Trog
Uskayaw
Vehumet
Xom
Yredelemnul
Zin
The Shining One

Shops:
D:8 }(%(


Innate Abilities, Weirdness & Mutations

You are resistant to torment.
Your stone body is resilient. (AC +9)
You are immune to poison.
Your large and strong wings let you fly indefinitely.
You resist negative energy. (rN+)
You are resistant to electric shocks. (rElec)
You can survive without breathing.
You are immune to petrification.
You are immune to rotting.


Message History

The spriggan rider hits you but does no damage.
You hit the spriggan.
The spriggan is poisoned.
The spriggan is lightly wounded.
A boggart appears from thin air!
Reactivating autopickup.
The blink frog blinks!
The water moccasin bites you but does no damage.
The spriggan hits you with a dagger.
* * * LOW HITPOINT WARNING * * *
The blink frog blinks!
The spriggan rider hits you from afar with a spear!
* * * LOW HITPOINT WARNING * * *
The water moccasin bites you but does no damage.
You barely miss the spriggan.
The spriggan is lightly wounded.
The blink frog blinks! x2
The water moccasin bites you but does no damage.
The spriggan barely misses you.
The spriggan rider hits you from afar with a spear.
You die...

♣.....♣ ♣
♣§..♣ ♣
♣...♣♣ .♣ ♣
♣♣....♣ ..
♣♣ ♣§§...♣ .
♣♣. ♣H♣♣.)♣♣
.♣ ♣..
♣♣g♣♣♣.)♣♣.♣
♣.. ♣S♣♣
♣♣...♣ ♣..
♣@♣ ♣..♣♣
♣.. ♣i♣ ♣♣.♣
♣♣.#


♣ii ♣.♣♣ ♣.♣♣ ♣♣h♣ ♣♣.♣ ♣♣.♣ .♣ ♣.♣♣ ♣.♣♣ .♣ ♣♣.♣♣♣.♣ ♣. ♣♣..♣.♣ . ♣♣.)♣♣ ♣♣)♣
You could see a spriggan rider, a polar bear, a hippogriff, a water moccasin, 2
spriggans and a boggart.

Vanquished Creatures
  7 hydras
  The ghost of omnomnOMINOUS the Spear-Bearer, a novice MfSk of Jiyva (D:8)
  A fire crab (Lair:5)
  7 elephants
  3 black mambas
  9 spiny frogs
  A torpor snail (Lair:3)
  5 komodo dragons
  5 rime drakes
  2 hornets (Lair:6)
  A jumping spider (Lair:3)
  4 polar bears
  A snapping turtle (Lair:4)
  4 hippogriffs
  17 blink frogs
  11 dream sheep
  A redback (Lair:6)
  32 yaks
  Sigmund (D:3)
  12 spriggans
  4 hungry ghosts
  2 basilisks
  11 water moccasins
  13 porcupines
  5 orc warriors
  4 sky beasts (D:6)
  3 black bears
  5 ogres
  3 phantoms (D:9)
  A boggart (Lair:6)
  29 wolves
  3 centaurs
  9 crocodiles
  7 bullfrogs
  5 scorpions
  5 killer bees (D:8)
  A troll zombie (D:9)
  10 wights
  A howler monkey (D:5)
  5 crimson imps
  3 jellies (Lair:5)
  2 bullfrog skeletons
  A hound (D:7)
  A centaur skeleton (D:7)
  5 orc priests
  4 orc wizards
  A gnoll shaman (D:9)
  Ijyb (D:2)
  7 iguanas
  10 worker ants
  A killer bee zombie (D:9)
  5 ogre zombies (D:9)
  2 hound skeletons
  A howler monkey zombie (D:7)
  2 worker ant zombies
  Robin (D:2)
  14 adders
  6 gnolls
  A shadow imp (D:6)
  3 oozes
  2 adder zombies
  2 worms
  2 leopard geckos
  22 orcs
  2 ball pythons
  4 giant cockroaches
  7 hobgoblins
  14 jackals
  A kobold (D:1)
  6 quokkas
  6 bats
  3 frilled lizards
  17 goblins
  A goblin skeleton (D:9)
  A goblin zombie (D:9)
  3 hobgoblin skeletons (D:9)
  3 hobgoblin zombies (D:9)
  An orc skeleton (D:9)
  10 orc zombies (D:9)
  6 rats
435 creatures vanquished.

Vanquished Creatures (others)
  4 fungi
  2 plants
6 creatures vanquished.

Grand Total: 441 creatures vanquished

Notes
Turn   | Place    | Note
-------+----------+-------------------------------------------
     0 | D:1      | JeffiDaFish the Gargoyle Fighter began the quest for the Orb.
     0 | D:1      | Reached XP level 1. HP: 14/14 MP: 1/1
   236 | D:1      | Reached XP level 2. HP: 19/19 MP: 2/2
   961 | D:2      | Reached XP level 3. HP: 11/23 MP: 3/3
  1289 | D:2      | Found a sparkling altar of Nemelex Xobeh.
  1352 | D:2      | Noticed Ijyb
  1363 | D:2      | Noticed Robin
  1391 | D:2      | Killed Ijyb
  1391 | D:2      | Reached skill level 1 in Dodging
  1391 | D:2      | Reached XP level 4. HP: 18/29 MP: 4/4
  1405 | D:2      | Killed Robin
  1411 | D:2      | Found an iron altar of Okawaru.
  1970 | D:3      | Reached XP level 5. HP: 33/33 MP: 5/5
  2249 | D:3      | Noticed Sigmund
  2286 | D:3      | Killed Sigmund
  2286 | D:3      | Reached skill level 5 in Shields
  2286 | D:3      | Reached XP level 6. HP: 16/38 MP: 6/6
  2993 | D:4      | Reached XP level 7. HP: 39/43 MP: 7/7
  3184 | D:4      | Got a citrine-encrusted scale mail
  3195 | D:4      | Identified the +6 scale mail "Xiodivee" {rF+ Str+3 Dex+3 Stlth-} (You found it on level 4 of the Dungeon)
  3301 | D:4      | Reached skill level 5 in Maces & Flails
  3702 | D:5      | Entered Level 5 of the Dungeon
  4365 | D:6      | Reached XP level 8. HP: 48/48 MP: 8/8
  4368 | D:6      | Found a staircase to the Ecumenical Temple.
  4397 | Temple   | Entered the Ecumenical Temple
  4470 | Temple   | Became a worshipper of Makhleb the Destroyer
  4943 | D:6      | Reached skill level 5 in Armour
  5311 | D:6      | Reached XP level 9. HP: 49/53 MP: 9/9
  5398 | D:6      | Reached skill level 5 in Fighting
  5500 | D:6      | Found a snail-covered altar of Cheibriados.
  6167 | D:7      | Reached * piety under Makhleb
  6240 | D:7      | Identified the +1 chain mail "Wonefasmarr" {*Drain +Blink Regen+ Str+7} (You found it on level 7 of the Dungeon)
  6928 | D:8      | Reached XP level 10. HP: 56/60 MP: 10/10
  7002 | D:8      | Found Jeodar's Antique Weapon Boutique.
  7050 | D:8      | Reached ** piety under Makhleb
  7088 | D:8      | Found Retrusuj's Weapon Shoppe.
  7095 | D:8      | Bought a +1 morningstar of protection for 141 gold pieces
  7135 | D:8      | Found a radiant altar of Vehumet.
  7145 | D:8      | Found Cigas's Food Shoppe.
  7151 | D:8      | Noticed omnomnOMINOUS's ghost (novice MfSk)
  7195 | D:8      | Killed omnomnOMINOUS's ghost
  7250 | D:8      | Found a stormy altar of Qazlal.
  7442 | D:8      | Got a scorched glaive
  7448 | D:8      | Identified the +10 glaive of Midoj {venom, rPois Dex+2} (You found it on level 8 of the Dungeon)
  7477 | D:8      | Found Nikky Ymy's Gadget Shoppe.
  7518 | D:8      | Reached skill level 1 in Polearms
  7613 | D:9      | Found a staircase to the Orcish Mines.
  7621 | D:9      | Reached skill level 2 in Polearms
  7640 | D:9      | Reached *** piety under Makhleb
  7651 | D:9      | Reached skill level 3 in Polearms
  7958 | D:9      | Noticed an elephant
  7960 | D:9      | Reached skill level 4 in Polearms
  7963 | D:9      | Killed an elephant
  7965 | D:9      | Reached skill level 5 in Polearms
  7988 | D:9      | Found an ancient bone altar of Kikubaaqudgha.
  7988 | D:9      | Found a shimmering altar of Xom.
  8143 | D:9      | Found a staircase to the Lair.
  8483 | Lair:1   | Entered Level 1 of the Lair of Beasts
  8488 | Lair:1   | Reached skill level 6 in Polearms
  8584 | Lair:1   | Reached XP level 11. HP: 65/65 MP: 11/11
  8598 | Lair:1   | Reached **** piety under Makhleb
  8624 | Lair:1   | Reached skill level 7 in Polearms
  8740 | Lair:1   | Reached skill level 8 in Polearms
  8972 | Lair:1   | Gained mutation: You are covered in fur. (AC +1) [potion of beneficial mutation]
  9119 | Lair:1   | Reached skill level 9 in Polearms
  9874 | Lair:2   | Reached skill level 10 in Polearms
 10002 | Lair:3   | Reached XP level 12. HP: 54/71 MP: 12/12
 10113 | Lair:3   | Reached skill level 11 in Polearms
 10333 | Lair:3   | Reached ***** piety under Makhleb
 10435 | Lair:3   | Found a hole to the Spider Nest.
 10442 | Lair:3   | Reached skill level 12 in Polearms
 10770 | Lair:3   | Learned a level 5 spell: Venom Bolt
 11242 | Lair:4   | Noticed a seven-headed hydra
 11253 | Lair:4   | Killed a nine-headed hydra
 11253 | Lair:4   | Reached skill level 1 in Spellcasting
 11253 | Lair:4   | Reached skill level 1 in Poison Magic
 11354 | Lair:4   | Reached skill level 1 in Conjurations
 11654 | Lair:4   | Found a staircase to the Shoals.
 11680 | Lair:4   | Reached XP level 13. HP: 14/76 MP: 15/15
 11684 | Lair:4   | HP: 2/76 [snapping turtle (14)]
 12038 | Lair:5   | Found a staircase to the Slime Pits.
 12186 | Lair:5   | Reached skill level 10 in Shields
 12848 | Lair:6   | Entered Level 6 of the Lair of Beasts
 12915 | Lair:6   | Lost mutation: You are covered in fur. (AC +1) [potion of cure mutation]
 13508 | Lair:6   | Gained mutation: Your large and strong wings let you fly indefinitely. [Gargoyle growth]
 13508 | Lair:6   | Reached XP level 14. HP: 86/86 MP: 18/18
 13739 | Lair:6   | HP: 4/86 [spriggan rider/spear (10)]
 13740 | Lair:6   | Slain by a spriggan rider

Skill      XL: |  1  2  3  4  5  6  7  8  9 10 11 12 13 14 |
---------------+-------------------------------------------+-----
Shields        | 4 5 6 7 8 9 10 11 | 11.0
Dodging        | 1 2 3 |  3.4
Maces & Flails | 3 4 5 7 8 9 |  9.6
Fighting       | 4 5 6 7 9 |  9.1
Armour         | 4 5 6 7 9 |  9.9
Polearms       | 6 10 12 | 12.9
Spellcasting   | 1 3 |  3.5
Poison Magic   | 2 4 |  4.3
Conjurations   | 1 3 |  3.8
Stealth        | |  0.8

Action                   |  1- 3 |  4- 6 |  7- 9 | 10-12 | 13-15 || total
-------------------------+-------+-------+-------+-------+-------++-------
Melee: Flail             |   338 |   207 |   476 |    15 |       ||  1036
       Glaive            |       |       |       |   471 |   306 ||   777
       Morningstar       |       |       |       |   107 |    90 ||   197
       Mace              |       |       |       |    28 |       ||    28
  Use: Scroll            |     7 |     2 |     8 |    12 |       ||    29
       Potion            |     2 |     3 |     5 |     2 |     3 ||    15
  Eat: Chunk             |     3 |     5 |    17 |    14 |     7 ||    46
       Fruit             |       |       |     3 |       |       ||     3
       Meat ration       |       |       |       |     1 |       ||     1
Armor: Scale mail        |   265 |   113 |   173 |       |       ||   551
       Chain mail        |       |       |    32 |   562 |   524 ||  1118
Dodge: Dodged            |   131 |    65 |   165 |   376 |   308 ||  1045
Block: Shield            |   282 |   120 |   280 |   113 |       ||   795
